 Dungeon Crawl Stone Soup version 0.32-a0-898-g7811c86 (webtiles) character file.

Game seed: 12074280634828615897

159208 chesyn the Bludgeoner (level 17, -4/162 HPs)
             Began as a Mountain Dwarf Fighter on Apr 4, 2024.
             Was an Elder of Ashenzari.
             Slain by a five-headed hydra (9 damage)
             ... on level 4 of the Swamp.
             The game lasted 01:09:05 (32970 turns).

chesyn the Bludgeoner (Mountain Dwarf Fighter)     Turns: 32970, Time: 01:09:05

Health: -4/162     AC: 28    Str: 36    XL:     17   Next: 15%
Magic:  32/32      EV:  7    Int: 15    God:    Ashenzari [****..]
Gold:   960        SH: 19    Dex: 12    Spells: 31/39 levels left

rFire   + . .        Q - +9 eveningstar (holy)
rCold   + + .        o - +0 tower shield "Manifest Apathy" {Self, Cun} (curse)
rNeg    . . .        B - +1 plate armour of the Wild Blue Yonder {Will+, Self, Melee} (curse)
rPois   +            A - +3 helmet of Ashenzari's Apathy {+Inv Int+2, Range, Dev} (curse)
rElec   .            g - +0 cloak "Stellar Discomfort" {rPois, Fort, Cun} (curse)
rCorr   .            I - -1 pair of gloves of the Eternal Inaction {Will+++, Comp, Fort} (curse)
SInv    +            c - +0 pair of boots of the Cursed Ennui {^Drain rC+ Will+ Str+4, Self, Dev} (curse)
Will    +++++        (no amulet) Stlth
                     Z - ring of Moapetybb {rC+ Str+6 Dex+3 Stlth+}
HPRegen 0.47/turn    J - ring "Share My Negligence" {rF+ Will+ Int+3 Slay+3, Bglg, Self} (curse)
MPRegen 0.23/turn

%: clarity
@: studying Alchemy
A: runic magic, artefact enchanting
a: Renounce Religion, Evoke Invisibility, Curse Item, Shatter the Chains


You were on level 4 of the Swamp.
You worshipped Ashenzari.
Ashenzari was greatly pleased with you.
You visited 5 branches of the dungeon, and saw 27 of its levels.
You also visited: Trove and Sewer.

You collected 2548 gold pieces.
You spent 1569 gold pieces at shops.
You donated 19 gold pieces to Zin.

Inventory:

Hand Weapons
 e - a +0 broad axe
 Q - a +9 eveningstar of holy wrath (weapon)
 X - a +4 vampiric demon whip
Missiles
 u - 16 boomerangs (quivered)
 y - 5 javelins
 D - a throwing net
Armour
 c - the cursed +0 pair of boots of the Cursed Ennui (worn) {^Drain rC+ Will+ Str+4, Self, Dev}
   (You found it in a treasure trove)

   Str+4:     It affects your strength (+4).
   rC+:       It protects you from cold.
   Will+:     It increases your willpower.
   ^Drain:    It drains your maximum health when unequipped.
   It has a curse which improves the following skills: Introspection: Fighting
   and Spellcasting.
   Devices:   Evocations and Shapeshifting.
 f - the +0 hat of the Eternal Fruit {rC+ Str+5}
   (You found it in a treasure trove)

   Str+5:     It affects your strength (+5).
   rC+:       It protects you from cold.
 g - the cursed +0 cloak "Stellar Discomfort" (worn) {rPois, Fort, Cun}
   (You found it in a treasure trove)

   It has a curse which improves the following skills: Fortitude: Armour and
   Shields.
   Cunning:   Dodging and Stealth.
 o - the cursed +0 tower shield "Manifest Apathy" (worn) {Self, Cun}
   (You found it on level 3 of the Dungeon)

   It has a curse which improves the following skills: Introspection: Fighting
   and Spellcasting.
   Cunning:   Dodging and Stealth.
 A - the cursed +3 helmet of Ashenzari's Apathy (worn) {+Inv Int+2, Range, Dev}
   (You acquired it on level 10 of the Dungeon)

   Int+2:     It affects your intelligence (+2).
   +Inv:      It lets you turn invisible.
   It has a curse which improves the following skills: Ranged Combat: Ranged
   Weapons and Throwing.
   Devices:   Evocations and Shapeshifting.
 B - the cursed +1 plate armour of the Wild Blue Yonder (worn) {Will+, Self, Melee}
   (You took it off an orc warrior on level 6 of the Dungeon)

   It has a curse which improves the following skills: Introspection: Fighting
   and Spellcasting.
   Melee Combat: Short Blades, Long Blades, Axes, Maces & Flails, Polearms,
   Staves and Unarmed Combat.
 I - the cursed -1 pair of gloves of the Eternal Inaction (worn) {Will+++, Comp, Fort}
   (You acquired it on level 10 of the Dungeon)

   Will+++:   It greatly increases your willpower.
   It has a curse which improves the following skills: Companions: Summonings
   and Necromancy.
   Fortitude: Armour and Shields.
Jewellery
 q - a ring of willpower
 J - the cursed ring "Share My Negligence" (right hand) {rF+ Will+ Int+3 Slay+3, Bglg, Self}
   (You acquired it on level 10 of the Dungeon)

   [ring of willpower]

   Int+3:     It affects your intelligence (+3).
   Slay+3:    It affects your accuracy & damage with ranged weapons and melee
   (+3).
   rF+:       It protects you from fire.
   Will+:     It increases your willpower.
   It has a curse which improves the following skills: Beguiling: Hexes and
   Translocations.
   Introspection: Fighting and Spellcasting.
 L - a ring of fire
 V - a ring of ice
 Z - the ring of Moapetybb (left hand) {rC+ Str+6 Dex+3 Stlth+}
   (You bought it in a shop on level 2 of the Orcish Mines)

   [ring of strength]

   Str+6:     It affects your strength (+6).
   Dex+3:     It affects your dexterity (+3).
   rC+:       It protects you from cold.
   Stlth+:    It makes you more stealthy.
Wands
 d - a wand of mindburst (16)
 k - a wand of warping (14)
 n - a wand of flame (33)
 t - a wand of paralysis (8)
 z - a wand of light (12)
 M - a wand of polymorph (4)
 P - a wand of digging (11)
Scrolls
 a - a scroll of teleportation
 b - 2 scrolls of noise
 p - 6 scrolls of poison
 r - a scroll of blinking
 s - 4 scrolls of enchant armour
 C - 3 scrolls of immolation
 G - 3 scrolls of brand weapon
 H - 4 scrolls of fog
 O - 2 scrolls of revelation
 R - 3 scrolls of vulnerability
 U - a scroll of summoning
 W - a scroll of amnesia
 Y - a scroll of torment
Potions
 h - 5 potions of lignification
 i - 4 potions of cancellation
 j - 2 potions of berserk rage
 l - 4 potions of resistance
 m - 8 potions of mutation
 v - 8 potions of curing
 w - 5 potions of enlightenment
 x - 2 potions of attraction
 E - 3 potions of brilliance
 F - 3 potions of haste
 K - 3 potions of heal wounds
 S - a potion of ambrosia
Miscellaneous
 N - a lightning rod (4/4)
 T - a box of beasts


   Skills:
 + Level 13.1(17.4) Fighting
 + Level 17.3(18.9) Maces & Flails
 + Level 15.0(17.6) Armour
 + Level 15.9(18.5) Shields
 + Level 7.6(11.9) Spellcasting
 - Level 10.8(12.6) Translocations
 - Level 8.7(11.4) Evocations


You had 31 spell levels left.
You knew the following spells:

 Your Spells              Type           Power      Damage    Failure   Level
a - Lesser Beckoning      Tloc           92%        N/A       1%          2
b - Blink                 Tloc           92%        N/A       1%          2
c - Petrify               Alch/Erth      8%         N/A       86%         4

Your spell library contained the following spells:

 Spells                   Type           Power      Damage    Failure   Level
 Momentum Strike          Conj/Tloc      54%        3d9       1%          2
 Maxwell's Portable Pile  Tloc           46%        2d(9-27)  1%          3
 Teleport Other           Tloc           46%        N/A       1%          3
 Dimensional Bullseye     Hex/Tloc       14%        N/A       12%         4
 Iskenderun's Mystic Bla Conj/Tloc 27%            2d7        (+2d3     13%         4
 Sandblast                Erth           16%        2d6       17%         1
 Ensorcelled Hibernation  Hex/Ice        18%        N/A       24%         2
 Sublimation of Blood     Necr           9%         N/A       24%         2
 Cigotuvi's Dreadful Rot  Necr/Alch/Air  18%        N/A       26%         2
 Dazzling Flash           Conj/Hex       18%        N/A       43%         3
 Fugue of the Fallen      Necr           9%         N/A       43%         3
 Inner Flame              Hex/Fire       9%         N/A       43%         3
 Tukima's Dance           Hex            9%         N/A       43%         3
 Mephitic Cloud           Conj/Alch/Air  8%         N/A       45%         3
 Stone Arrow              Conj/Erth      16%        3d8       45%         3
 Anguish                  Hex/Necr       4%         N/A       83%         4
 Brom's Barrelling Bould  Conj/Erth      8%         2d3       86%         4
 Ignite Poison            Fire/Alch      8%         N/A       86%         4
 Arcjolt                  Conj/Air       4%         1d14      99%         5
 Curse of Agony           Necr           9%         N/A       99%         5
 Fireball                 Conj/Fire      4%         3d4       99%         5
 Freezing Cloud           Conj/Ice/Air   4%         6-21      99%         5
 Irradiate                Conj/Alch      4%         3d13      99%         5
 Iskenderun's Battlesphe  Conj           8%         2d6       99%         5
 Silence                  Hex/Air        4%         N/A       99%         5
 Conjure Ball Lightning   Conj/Air       4%         3x3d6     100%        6
 Orb of Destruction       Conj           4%         9d5       100%        7
 Ignition                 Fire           4%         3d4       100%        8
 Maxwell's Capacitive Co  Air            4%         ∞         100%        8


Dungeon Overview and Level Annotations

Branches:
Dungeon (15/15)            Temple (1/1) D:5            Lair (5/5) D:9
  Swamp (4/4) Lair:3       Spider (0/4) Lair:3        Slime (0/5) Lair:4
    Orc (2/2) D:11            Elf (0/3) Orc:2        Vaults (0/5) D:14
 Depths (0/4) D:15          Sewer (visited)

Altars:
Ashenzari
Cheibriados
Dithmenos
Elyvilon
Fedhas
Gozag
Hepliaklqana
Kikubaaqudgha
Makhleb
Nemelex Xobeh
Okawaru
Qazlal
Ru
Sif Muna
Trog
Uskayaw
Vehumet
Wu Jian
Xom
Yredelemnul
Zin
The Shining One
Jiyva

Shops:
D:2 *   Orc:2 *!::[=[

Annotations:
Swamp:4 2 transporters, Ofangef's ghost, adept TrFi


Innate Abilities, Weirdness & Mutations

Your spellcasting is much less encumbered by armour.
You can use scrolls of enchantment on lesser artefacts.


Message History

Unknown command.
Unknown command.
You barely miss the fenstrider witch.
The fenstrider witch is severely wounded.
You fester in the toxic bog.
You partially resist.
You are more poisoned.
* * * LOW HITPOINT WARNING * * *
x2 You feel very sick.
The fenstrider witch hits you but does no damage.
The fenstrider witch kicks you!
* * * LOW HITPOINT WARNING * * *
A bog body comes into view.
The five-headed hydra closely misses you.
You block the five-headed hydra's attack.
The five-headed hydra bites you.
* * * LOW HITPOINT WARNING * * *
You block the five-headed hydra's attack. x2
Unknown command.
Unknown command.
You feel much better.
You fester in the toxic bog!
You partially resist.
You are lethally poisoned!
* * * LOW HITPOINT WARNING * * *
Your surroundings suddenly seem different.
A five-headed hydra and a swamp drake come into view.
Found five items.
* * * LOW HITPOINT WARNING * * *
You feel extremely sick.
The five-headed hydra roars!
You block the five-headed hydra's attack. x4
The five-headed hydra bites you.
* * * LOW HITPOINT WARNING * * *
Unknown command.
Unknown command.
Unknown command.
You feel better. The swamp drake bites you!
* * * LOW HITPOINT WARNING * * *
The five-headed hydra bites you.
* * * LOW HITPOINT WARNING * * *
The five-headed hydra bites you!
You die...

....#.,
*****,***~~,,*
.~..#,,
⌠#⌠..~.~,,~*,*
P.P~~.~
,#.:~...,,~,,*
~(.ß.ß,
,#~~~ß.ß,ß,,~*
......ß
,#..(...,,,,~*
***'*,,
**,...#'####~*
,,,,
,*~{∆.'....##*
,,,,
,*,,~,#.....#
,,,,
,,,,∆,#.@D..#
{,,,
,,,~~,#..k./#
,,,*
*+*,,,##..[##
****
,~~~~~~##### *
********


You could see a five-headed hydra and a swamp drake.

Vanquished Creatures
  A tentacled monstrosity (Swamp:2)
  2 thorn hunters
  A storm dragon (D:13)
  2 ghouls (Swamp:3)
  Louise (Swamp:1)
  An orc warlord (Orc:2)
  A reaper (D:13)
  4 eleionomae
  Nessos (D:13)
  4 bunyips
  A fire dragon (D:13)
  6 vault guards
  20 hydras
  2 ghost crabs
  10 centaur warriors
  A catoblepas (Lair:5)
  2 death knights
  7 boulder beetles
  2 two-headed ogres
  7 alligators
  9 death yaks
  A sphinx zombie (D:15)
  A tengu warrior (D:15)
  A vampire mage (D:15)
  A hell hog (Lair:5)
  5 orc high priests (Orc:2)
  9 spriggans
  A skyshark (Lair:3)
  2 deep elf knights (D:14)
  6 skeletal warriors
  A death drake (shapeshifter) (D:13)
  2 death drakes
  9 swamp dragons
  5 goliath frogs
  A spark wasp zombie (D:15)
  An orb spider (Lair:3)
  10 slime creatures
  A flayed ghost (D:13)
  2 lindwurms
  11 bog bodies
  An orc knight (Orc:2)
  An obsidian bat (Orc:2)
  A necromancer (D:15)
  2 wolf spiders
  4 orc sorcerers
  17 ugly things
  7 manticores
  5 will-o-the-wisps
  6 cyclopes
  Maurice (D:8)
  An oklob plant (Lair:4)
  3 kobold blastminers
  9 elephants
  3 black mambas
  3 torpor snails
  6 cane toads
  5 gargoyles
  Maggie (D:8)
  7 komodo dragons
  3 rime drakes (Lair:5)
  2 freezing wraiths (D:14)
  2 tengu conjurers (D:14)
  A troll (shapeshifter) (D:13)
  11 hornets
  13 polar bears
  2 raiju (Lair:5)
  2 dream sheep (Lair:5)
  2 tyrant leeches
  8 trolls
  20 blink frogs
  A vampire (D:12)
  A water elemental (D:13)
  3 wyverns
  Eustachio (D:3)
  4 wraiths
  63 yaks
  4 basilisks
  A human (D:14)
  4 vampire mosquitoes
  A steam dragon (D:9)
  16 wargs
  Menkaure (D:4)
  8 swamp worms
  13 water moccasins
  12 hell hounds (Lair:5)
  3 acid dragons
  Pargi (Sewer)
  25 orc warriors
  6 swamp drakes
  2 ice beasts
  12 black bears
  3 laughing skulls (D:13)
  4 ogres
  17 wolves
  7 boggarts
  17 centaurs
  2 brain worms (Sewer)
  10 bullfrogs
  A gnoll sergeant (D:7)
  A scorpion (D:6)
  12 wights
  4 howler monkeys
  4 electric eels
  3 bombardier beetles (D:5)
  2 jellies
  Crazy Yiuf (D:5)
  5 hounds
  30 orc priests
  2 gnoll boudas
  2 sleepcaps
  An iguana (D:7)
  45 orc wizards
  7 hell rats
  15 gnolls
  10 adders
  4 ufetubi
  7 dart slugs
  6 ribbon worms
  72 orcs
  3 ball pythons
  15 endoplasms
  3 giant cockroaches
  7 goblins
  3 hobgoblins
  17 jackals
  12 kobolds
  7 quokkas
  7 bats
  5 frilled lizards
  8 rats
867 creatures vanquished.

Vanquished Creatures (collateral kills)
  An ogre mage (D:13)
1 creature vanquished.

Vanquished Creatures (others)
  A bunyip (Swamp:4)
  An alligator (Swamp:1)
  A will-o-the-wisp (Swamp:4)
  2 bloated husks (Swamp:4)
  16 foxfires
21 creatures vanquished.

Grand Total: 889 creatures vanquished

Notes
Turn   | Place    | Note
-------+----------+-------------------------------------------
     0 | D:1      | chesyn the Mountain Dwarf Fighter began the quest for the
                  | Orb.
     0 | D:1      | Reached XP level 1. HP: 19/19 MP: 1/1
   219 | D:1      | Reached skill level 3 in Maces & Flails
   296 | D:1      | Reached XP level 2. HP: 26/26 MP: 2/2
   867 | D:2      | Found a faded altar of an unknown god.
   875 | D:2      | Prayed at the altar of an unknown god.
   875 | D:2      | Became a worshipper of Zin the Law-Giver
   875 | D:2      | Reached * piety under Zin
   883 | D:2      | Reached XP level 3. HP: 33/33 MP: 3/3
   931 | D:2      | Reached skill level 4 in Maces & Flails
  1096 | D:2      | Found Noademosk's General Store.
  1558 | D:2      | Reached ** piety under Zin
  1580 | D:2      | Reached XP level 4. HP: 40/40 MP: 4/4
  1851 | D:3      | Reached skill level 5 in Maces & Flails
  1929 | D:3      | Noticed an ice beast
  1969 | D:3      | Killed an ice beast
  1970 | D:3      | Reached XP level 5. HP: 25/47 MP: 5/5
  2618 | D:4      | Reached skill level 6 in Maces & Flails
  2663 | D:4      | Noticed an ogre
  2672 | D:4      | Killed an ogre
  2673 | D:4      | Reached skill level 5 in Fighting
  2673 | D:4      | Reached XP level 6. HP: 42/56 MP: 6/6
  2731 | D:4      | Noticed Menkaure
  2742 | D:4      | Killed Menkaure
  2967 | D:4      | Reached skill level 7 in Maces & Flails
  2974 | D:4      | Reached XP level 7. HP: 29/61 MP: 7/7
  3293 | D:4      | Noticed Eustachio
  3332 | D:3      | Killed Eustachio
  3562 | D:4      | Reached *** piety under Zin
  3846 | D:5      | Entered Level 5 of the Dungeon
  3901 | D:4      | Reached skill level 5 in Shields
  4099 | D:5      | Found a glowing drain.
  4111 | Sewer    | Entered a sewer
  4113 | Sewer    | Noticed Pargi
  4140 | Sewer    | Killed Pargi
  4141 | Sewer    | Reached skill level 8 in Maces & Flails
  4309 | Sewer    | Reached XP level 8. HP: 58/70 MP: 5/8
  4649 | D:5      | Found a runed translucent door.
  4650 | D:5      | Noticed Crazy Yiuf
  4661 | D:5      | Killed Crazy Yiuf
  4765 | D:5      | Found a staircase to the Ecumenical Temple.
  4773 | Temple   | Entered the Ecumenical Temple
  4788 | Temple   | Fell from the grace of Zin
  4788 | Temple   | Became a worshipper of Ashenzari the Shackled
  4882 | D:5      | Found a shimmering blue altar of Sif Muna.
  4949 | D:5      | Reached skill level 9 in Maces & Flails
  5163 | D:5      | Learned a level 2 spell: Lesser Beckoning
  5997 | D:6      | Reached skill level 10 in Maces & Flails
  6336 | D:6      | Found a basalt altar of Yredelemnul.
  6404 | D:6      | Reached XP level 9. HP: 79/79 MP: 9/9
  6780 | D:7      | Reached * piety under Ashenzari
  6780 | D:7      | Identified 3 scrolls of acquirement
  7141 | D:7      | Reached skill level 11 in Maces & Flails
  7307 | D:7      | Reached ** piety under Ashenzari
  7817 | D:8      | Noticed Maurice
  7830 | D:8      | Killed Maurice
  7831 | D:8      | Reached skill level 12 in Maces & Flails
  8013 | D:8      | Found a burning altar of Makhleb.
  8048 | D:8      | Reached skill level 13 in Maces & Flails
  8072 | D:8      | Noticed Maggie
  8100 | D:8      | Killed Maggie
  8393 | D:8      | Reached XP level 10. HP: 88/88 MP: 10/10
  8465 | D:7      | Reached skill level 14 in Maces & Flails
  8764 | D:9      | Reached skill level 15 in Maces & Flails
  8919 | D:9      | Noticed an elephant
  8941 | D:9      | Killed an elephant
  9132 | D:9      | Found a staircase to the Lair.
  9166 | D:9      | Reached skill level 16 in Maces & Flails
  9671 | D:10     | Entered Level 10 of the Dungeon
  9765 | D:10     | Reached skill level 17 in Maces & Flails
  9972 | D:10     | Acquired the -1 pair of gloves of Qajodd {Will+++}
  9973 | D:10     | Acquired the ring of Cuiwu {rF+ Will+ Int+3 Slay+3}
  9974 | D:10     | Acquired the +3 helmet of Tortelloni {+Inv Int+2}
 10152 | D:10     | Noticed a gargoyle
 10172 | D:10     | Killed a gargoyle
 10173 | D:10     | Reached XP level 11. HP: 65/94 MP: 11/11
 10263 | D:10     | Noticed a two-headed ogre
 10272 | D:10     | Killed a two-headed ogre
 10488 | D:10     | Found a snail-covered altar of Cheibriados.
 10511 | D:10     | Noticed a vault guard
 10540 | D:10     | Killed a vault guard
 10696 | D:10     | Found a portal to a secret trove of treasure.
 10794 | Lair:1   | Entered Level 1 of the Lair of Beasts
 10867 | Lair:1   | Reached skill level 5 in Armour
 13033 | Lair:2   | Learned a level 2 spell: Blink
 13062 | Lair:2   | Reached XP level 12. HP: 96/112 MP: 12/12
 13219 | Lair:2   | You fall into a shaft and drop 1 floor!
 13228 | Lair:3   | Reached *** piety under Ashenzari
 13322 | Lair:2   | Reached skill level 10 in Fighting
 13395 | Lair:2   | Noticed a death yak
 13396 | Lair:2   | Noticed a death yak
 13404 | Lair:2   | Noticed a death yak
 13416 | Lair:2   | Killed a death yak
 13417 | Lair:2   | Reached skill level 10 in Shields
 13426 | Lair:2   | Killed a death yak
 13441 | Lair:2   | Killed a death yak
 13827 | Lair:2   | Reached **** piety under Ashenzari
 14107 | Lair:3   | Found a staircase to the Swamp.
 14896 | Lair:3   | Found a hole to the Spider Nest.
 15284 | Lair:4   | Noticed a death yak
 15292 | Lair:4   | Noticed a death yak
 15304 | Lair:3   | Killed a death yak
 15305 | Lair:3   | Reached skill level 10 in Armour
 15305 | Lair:3   | Reached skill level 1 in Evocations
 15343 | Lair:4   | Noticed a death yak
 15359 | Lair:3   | Killed a death yak
 15422 | Lair:4   | Killed a death yak
 15423 | Lair:4   | Reached XP level 13. HP: 109/127 MP: 13/13
 15559 | Lair:4   | Acquired a manual of Alchemy
 15561 | Lair:4   | Acquired a +1 eveningstar of holy wrath
 15563 | Lair:4   | Acquired a +2 vampiric demon whip
 15692 | Lair:4   | Found a staircase to the Slime Pits.
 15692 | Lair:4   | Found a viscous altar of Jiyva.
 16196 | Lair:5   | Entered Level 5 of the Lair of Beasts
 16283 | Lair:5   | Reached skill level 1 in Translocations
 17509 | Lair:5   | Reached skill level 5 in Evocations
 17646 | Lair:5   | Reached XP level 14. HP: 44/140 MP: 14/14
 18855 | D:11     | Found a staircase to the Orcish Mines.
 19046 | D:11     | Found a transporter.
 19046 | D:11     | Found a transporter.
 19572 | Orc:1    | Entered Level 1 of the Orcish Mines
 20026 | Orc:2    | Entered Level 2 of the Orcish Mines
 20027 | Orc:2    | Found Kecly's Assorted Antiques.
 20040 | Orc:2    | Bought a scroll of enchant weapon for 277 gold pieces
 20040 | Orc:2    | Bought a pair of runed boots for 277 gold pieces
 20053 | Orc:2    | Found Idgha's Distillery.
 20138 | Orc:2    | Found a staircase to the Elven Halls.
 20214 | Orc:2    | Reached skill level 5 in Translocations
 20266 | Orc:2    | Found Egoohe's Armour Boutique.
 20266 | Orc:2    | Found Noroat's Book Boutique.
 20561 | Orc:2    | Found Bemmog's Armour Shop.
 20567 | Orc:2    | Found Dozic's Jewellery Shop.
 20650 | Orc:2    | Found Goagoitt's Book Shoppe.
 20787 | Orc:2    | Reached ***** piety under Ashenzari
 21174 | Orc:2    | Bought a potion of haste for 170 gold pieces
 21174 | Orc:2    | Bought a potion of curing for 51 gold pieces
 21174 | Orc:2    | Bought a potion of heal wounds for 85 gold pieces
 21183 | Orc:1    | Noticed an orc warlord
 21387 | Orc:2    | Killed an orc warlord
 22056 | D:10     | You paid a toll of 6 scrolls of fear to enter a treasure
                  | trove
 22057 | Trove    | Entered a treasure trove
 22059 | Trove    | Identified the +1 pair of boots of Wu Jian {Str+2}
 22059 | Trove    | Found the +15 Maxwell's patent armour {-Cast -Tele rElec
                  | Will+ rCorr}
 22059 | Trove    | Identified the +0 pair of boots "Syolob" {^Drain rC+ Will+
                  | Str+4}
 22059 | Trove    | Identified the +5 ring mail of Marbles {Harm rPois Str+4}
 22059 | Trove    | Found the sphere of Battle
 22059 | Trove    | Identified the +2 pair of gloves of the Fiend {Dex+3}
 22059 | Trove    | Identified the +1 hat of Ashriat {Dex+2 SInv}
 22060 | Trove    | Identified the +0 hat of the Eternal Fruit {rC+ Str+5}
 22358 | D:12     | Found a bloodstained altar of Trog.
 22843 | D:13     | Reached XP level 15. HP: 145/147 MP: 15/15
 22902 | D:13     | Found the +5 scythe "Finisher" {speed, execute}
 23993 | D:13     | Noticed a storm dragon
 24012 | D:13     | Killed a storm dragon
 24368 | D:13     | Noticed Nessos
 24379 | D:13     | Killed Nessos
 25015 | D:14     | Reached skill level 15 in Shields
 25601 | D:14     | Found a gate to the Vaults.
 25896 | D:15     | Entered Level 15 of the Dungeon
 25938 | D:15     | Reached skill level 1 in Spellcasting
 25985 | D:15     | Found a staircase to the Depths.
 26367 | D:15     | Reached XP level 16. HP: 122/155 MP: 22/24
 27467 | Swamp:1  | Entered Level 1 of the Swamp
 27811 | Swamp:1  | Learned a level 4 spell: Petrify
 28061 | Swamp:1  | Noticed Louise
 28086 | Swamp:1  | Killed Louise
 28546 | Swamp:2  | Identified the +0 lajatang of Woqokias {venom, Fly Int+3
                  | Dex-3}
 29154 | Swamp:2  | Reached skill level 5 in Spellcasting
 29450 | Orc:2    | Bought the ring of Moapetybb {rC+ Str+6 Dex+3 Stlth+} for
                  | 709 gold pieces
 30337 | Swamp:3  | Noticed a tentacled monstrosity
 30597 | Swamp:2  | Killed a tentacled monstrosity
 30689 | Swamp:3  | Reached skill level 10 in Translocations
 31479 | Swamp:4  | Entered Level 4 of the Swamp
 31482 | Swamp:4  | Noticed a thorn hunter
 31511 | Swamp:3  | Killed a thorn hunter
 31801 | Swamp:4  | Noticed a thorn hunter
 32099 | Swamp:4  | Killed a thorn hunter
 32458 | Swamp:4  | Reached XP level 17. HP: 130/161 MP: 32/32
 32481 | Swamp:4  | Noticed Ofangef's ghost (adept TrFi)
 32665 | Swamp:4  | Found a transporter.
 32678 | Swamp:4  | Found a transporter.
 32920 | Swamp:4  | Reached skill level 15 in Armour
 32968 | Swamp:4  | HP: 7/162 [fenstrider witch (16)]
 32968 | Swamp:4  | HP: 1/162 [five-headed hydra (6)]
 32969 | Swamp:4  | Identified the +3 broad axe "Ogreslayer" {flame, Str+4
                  | Int+2}
 32970 | Swamp:4  | Slain by a five-headed hydra

Illustrated notes

Levels and vault maps discovered:
D:1:      dpeg_arrival_round_a, layout_loops_ring
D:2:      layout_basic, serial_shops, shop, ebering_ecumenical_altar_box,
          minmay_misc_feat_ornament, minmay_joined_circles
D:3:      layout_rooms
D:4:      layout_gridville, uniq_menkaure, uniq_eustachio
D:5:      layout_rooms, kennysheep_orc_sif_temple,
          minmay_temple_entry_offerings, cheibrodos_sewer_entry_bend,
          nicolae_letterblocks [nicolae_letter_subblock,
          nicolae_letter_subblock, nicolae_letter_subblock,
          nicolae_letter_subblock, nicolae_letter_subblock,
          nicolae_letter_subblock, nicolae_letter_subblock,
          nicolae_letter_subblock, nicolae_letter_subblock,
          nicolae_letter_subblock, nicolae_letter_subblock,
          nicolae_letter_subblock, nicolae_letter_subblock,
          nicolae_letter_subblock, nicolae_letter_subblock,
          nicolae_letter_subblock, nicolae_letter_subblock,
          nicolae_letter_subblock, nicolae_letter_subblock,
          nicolae_letter_subblock, nicolae_letter_subblock,
          nicolae_letter_subblock, nicolae_letter_subblock,
          nicolae_letter_subblock, nicolae_letter_subblock],
          uniq_crazy_yiuf_cottage
D:6:      layout_basic, mainiacjoe_overflow_surrounded_room
D:7:      layout_loops_corners
D:8:      layout_cave_pools, makhleb_blood_cavern_becter, uniq_maggie,
          uniq_maurice
D:9:      layout_loops_ring, david_lair_generic, nicolae_tricolors
D:10:     layout_cave_pools, kennysheep_slug_shrine, enter_trove_5
D:11:     gammafunk_boulding_lane, layout_basic, hiddenorc2_lemuel,
          mumra_transporter_accident, minmay_fountain_box
D:12:     layout_basic, corexii_corridor_pit, trog_three_pillars_becter
D:13:     kennysheep_four_of_diamonds, layout_long_grid,
          minmay_guarded_unrand_finisher, uniq_nessos
D:14:     layout_roguey, grunt_vaults_entry_fortified,
          minmay_misc_feat_more_columns, kennysheep_generic_room_10
D:15:     gammafunk_depths_entry_grave, layout_grid_maze, minmay_misc_feat_alley
Temple:   hc_temple_tempest_star
Lair:1:   layout_layer_cave, grunt_megastairs_3
Lair:2:   layout_roguey, infiniplex_staircase_pool, grunt_megastairs_2,
          lemuel_fruit_tree
Lair:3:   layout_hall_layers, skrybe_swamp_entry_bodies,
          nicolae_spider_entry_orb_guardian, grunt_megastairs_1
Lair:4:   layout_long_grid, nicolae_slime_entry_slimehenge, lemuel_fruit_fields
Lair:5:   hangedman_lair_in_review, layout_cave_pods,
          hangedman_lair_caniforms_friends, serial_bayou_pond_a,
          lookout_lair_type, minivault_25, chequers_serial_rivers_small_3,
          minmay_stone_trees_small
Swamp:1:  layout_basic_swamp, serial_swamp_ruin, evilmike_swamp_ruin_house_5,
          evilmike_swamp_ruin_house_3, uniq_louise
Swamp:2:  layout_falls_marsh, evilmike_swamp_ruin_house_2, swamp_pool_1_2,
          infiniplex_staircase_pool_2
Swamp:3:  layout_falls_marsh, nicolae_swamp_stuck_in_the_mud
Swamp:4:  grunt_swamp_rune_castle, layout_basic_swamp, gammafunk_ghost_arena,
          swamp_pool_3, grunt_witch_cave
Orc:1:    layout_diamond_mine
Orc:2:    st_orc_mages, layout_caves, serial_shops,
          nicolae_shop_getting_attention, shop, shop, nooodl_orcs_dogs

Skill      XL: |  1  2  3  4  5  6  7  8  9 10 11 12 13 14 15 16 17 |
---------------+----------------------------------------------------+-----
Maces & Flails | 3 4 5 6 7 8 10 13 17 | 17.3
Fighting       | 4 5 6 7 9 11 12 13 | 13.1
Shields        | 4 5 6 7 9 11 12 14 15 | 15.9
Armour         | 4 7 10 11 12 14 15 | 15.0
Evocations     | 1 5 8 |  8.7
Translocations | 3 6 8 10 | 10.8
Spellcasting   | 2 7 |  7.6

Action                     |  1- 3 |  4- 6 |  7- 9 | 10-12 | 13-15 | 16-18 || total
---------------------------+-------+-------+-------+-------+-------+-------++-------
  Melee: Flail             |   142 |   203 |   496 |   810 |    25 |       ||  1676
         Eveningstar       |       |       |       |       |  1387 |   333 ||  1720
         Demon whip        |       |       |       |       |       |   246 ||   246
  Throw: Dart              |       |     3 |     3 |     2 |       |       ||     8
         Throwing net      |       |       |     1 |       |       |       ||     1
         Boomerang         |       |       |       |       |     4 |       ||     4
         Javelin           |       |       |       |       |     2 |       ||     2
 Invoke: Recite            |       |       |     1 |       |       |       ||     1
         Curse Item        |       |       |     3 |     5 |     5 |       ||    13
         Shatter the Chain |       |       |     1 |     1 |     4 |       ||     6
  Evoke: Wand              |       |       |     1 |     2 |     3 |     7 ||    13
         Lightning rod     |       |       |       |       |     4 |       ||     4
         Box of beasts     |       |       |       |       |     1 |       ||     1
    Use: Potion            |       |     2 |     1 |     1 |     8 |     2 ||    14
         Scroll            |       |       |     4 |     4 |    14 |     5 ||    27
   Stab: Held in net/web   |       |       |     2 |       |       |       ||     2
         Petrified         |       |       |       |       |     4 |       ||     4
 Armour: Scale mail        |   107 |   132 |       |       |       |       ||   239
         Chain mail        |       |       |   230 |       |       |       ||   230
         Plate armour      |       |       |   176 |   495 |   974 |   603 ||  2248
  Dodge: Dodged            |    62 |    58 |    82 |   101 |   217 |   123 ||   643
  Block: Buckler           |    28 |    16 |       |       |       |       ||    44
         Tower shield      |       |   143 |   327 |   483 |  1568 |   604 ||  3125

Table legend: (Time is in decaauts)
 A = Elapsed time spent in this place.
 B = Non-inter-level travel time spent in this place.
 C = Inter-level travel time spent in this place.
 D = Time resting spent in this place.
 E = Time spent auto-exploring this place.
 F = Levels seen in this place.
 G = Mean time per level.
                   A        B        C        D        E       F      G
               +--------+--------+--------+--------+--------+-----+--------+
         Total |  32921 |  30539 |   2382 |   3490 |  20943 |  29 | 1135.2 |
       Dungeon |  17212 |  16070 |   1142 |    950 |  11936 |  15 | 1147.5 |
        Temple |     30 |      2 |     28 |      0 |      0 |   1 |   30.0 |
          Lair |   8278 |   7484 |    794 |    615 |   5356 |   5 | 1655.6 |
         Swamp |   4902 |   4684 |    218 |   1464 |   2386 |   4 | 1225.5 |
  Orcish Mines |   2176 |   1977 |    199 |    461 |   1090 |   2 | 1088.0 |
         Trove |     44 |     44 |      0 |      0 |      3 |   1 |   44.0 |
         Sewer |    276 |    276 |      0 |      0 |    170 |   1 |  276.0 |
               +--------+--------+--------+--------+--------+-----+--------+

Top non-repeatable levels by time:
  Lair:5: 2268 daAuts
  Lair:1: 2188 daAuts
    D:13: 2167 daAuts
 Swamp:3: 1761 daAuts
   Orc:2: 1630 daAuts
     D:4: 1577 daAuts
  Lair:3: 1503 daAuts
 Swamp:1: 1465 daAuts
  Lair:2: 1308 daAuts
     D:7: 1283 daAuts
    D:15: 1277 daAuts
    D:10: 1221 daAuts
     D:6: 1208 daAuts
 Swamp:2: 1191 daAuts
    D:14: 1150 daAuts
